 Dungeon Crawl Stone Soup version 0.17-a0-1582-ge6b0260 (console) character file.

1688 Monkaria the Cleaver (level 8, -4/72 HPs)
             Began as a Deep Dwarf Berserker on July 27, 2015.
             Was a Believer of Trog.
             Slain by a wyvern skeleton (10 damage)
             ... on level 6 of the Dungeon.
             The game lasted 00:08:27 (4908 turns).

Monkaria the Cleaver (Deep Dwarf Berserker)         Turns: 4908, Time: 00:08:27

Health: -4/72      AC:  5    Str: 22    XL:     8   Next: 71%
Magic:  7/7        EV: 12    Int: 10    God:    Trog [**....]
Gold:   248        SH:  0    Dex: 13    Spells: 0 memorised, 7 levels left

rFire  . . .     SeeInvis .     a - +0 hand axe
rCold  . . .     Clarity  +     y - +0 leather armour
rNeg   . . .     SustAt   .     (no shield)
rPois  .         Gourm    .     (no helmet)
rElec  .         Spirit   .     v - +1 cloak
rCorr  .         Warding  .     (no gloves)
rMut   .         Stasis   .     (no boots)
MR     +++..                    A - amulet of clarity
Stlth  +.........               (no ring)
                                g - +2 ring of intelligence

@: non-regenerating, extremely resistant to hostile enchantments, very
unstealthy
A: damage resistance, recharge devices, sense surroundings 1, slow healing 3
a: Device Recharging, Burn Spellbooks, Berserk, Trog's Hand, Renounce Religion


You were on level 6 of the Dungeon.
You worshipped Trog.
Trog was pleased with you.
You were not hungry.

You visited 2 branches of the dungeon, and saw 7 of its levels.

You collected 248 gold pieces.

Inventory:

Hand weapons
 a - a +0 hand axe (weapon)
Missiles
 w - 4 needles of confusion
Armour
 v - a +1 cloak (worn)
 y - a +0 leather armour (worn)
Jewellery
 g - a +2 ring of intelligence (left hand)
 A - an amulet of clarity (around neck)
Magical devices
 c - a wand of heal wounds (1)
Scrolls
 e - 5 scrolls of identify {unknown}
 k - 2 scrolls of amnesia {unknown}
 m - a scroll of recharging {unknown}
 p - 3 scrolls of teleportation {unknown}
 s - a scroll of remove curse {unknown}
 u - a scroll of noise {unknown}
 x - 2 scrolls of immolation {unknown}
 B - a scroll of fear {unknown}
Potions
 f - a potion of resistance {unknown}
 h - a potion of lignification {unknown}
 i - 2 potions of haste {unknown}
 j - 4 potions of might {unknown}
 l - a potion of magic {unknown}
 q - 3 potions of curing {unknown}
 r - 2 potions of poison {unknown}
 z - a potion of agility {unknown}
Books
 n - a book of Alchemy

   Spells                             Type                      Level
   a - Sublimation of Blood           Necromancy                   2
   b - Ignite Poison                  Fire/Transmutation/Poison    3
   c - Alistair's Intoxication        Transmutation/Poison         4
   d - Condensation Shield            Ice                          4
   e - Petrify                        Transmutation/Earth          4
   f - Irradiate                      Conjuration/Transmutation    5
   Trog disapproves of the use of such an item.
Comestibles
 b - a slice of pizza
 d - 2 bread rations
 o - a meat ration


   Skills:
 - Level 4.0 Fighting
 - Level 11.0 Axes
 + Level 5.1 Armour
 - Level 2.1 Dodging


You had 7 spell levels left.
You didn't know any spells.

Dungeon Overview and Level Annotations

Branches:
Dungeon (6/15)             Temple (1/1) D:5

Altars:
Cheibriados
Dithmenos
Elyvilon
Fedhas
Gozag
Kikubaaqudgha
Makhleb
Okawaru
Qazlal
Ru
Trog
Vehumet
Xom
Yredelemnul
Zin
The Shining One


Innate Abilities, Weirdness & Mutations

You are resistant to damage.
You can recharge devices by infusing magical energy.
You passively map a small area around you.
You do not heal naturally.


Message History

The wyvern skeleton bites you but does no damage.
You hit the wyvern skeleton but do no damage.
The wyvern skeleton barely misses you.
You hit the wyvern skeleton. The wyvern skeleton bites you.
You hit the wyvern skeleton. The wyvern skeleton closely misses you.
You barely miss the wyvern skeleton.
The wyvern skeleton bites you but does no damage.
You hit the wyvern skeleton. The wyvern skeleton closely misses you.
You slash the wyvern skeleton! The wyvern skeleton bites you!
You hit the wyvern skeleton. The wyvern skeleton bites you!
* * * LOW HITPOINT WARNING * * *
You are too injured to fight recklessly!
You are too injured to fight recklessly!
Use which ability? (? or * to list)
Your skin crawls.
You feel resistant to hostile enchantments.
You feel slightly more hungry. The wyvern skeleton bites you!
* * * LOW HITPOINT WARNING * * *
The wyvern skeleton bites you!
You die...

### ,* * ##@## * * * ,*
##* #* ##.#Z## *
....##.#*#.* #.##..# **
.......##. #.###.#,**
.........### ##.##.. * *
, .......<...####.###..
,, *
.................##... *
..................#....,
,
....................##..
,


You could see a wyvern skeleton.

Vanquished Creatures
  Pikel (D:4)
  Grinder (D:4)
  A deep elf mage (D:6)
  Menkaure (D:4)
  A sky beast (D:5)
  A slave (D:4)
  2 ogres (D:4)
  The ghost of Rafael the Gusty, a weakling DsAE (D:3)
  A centaur zombie (D:5)
  2 crimson imps (D:5)
  A hound (D:4)
  4 orc wizards
  4 worker ants
  3 adders
  An ooze (D:5)
  An adder skeleton (D:3)
  3 worms (D:2)
  3 giant geckos
  9 orcs
  A ball python (D:4)
  6 bats
  5 giant cockroaches
  15 hobgoblins
  9 kobolds
  2 quokkas
  9 giant newts
  11 goblins
  A quokka zombie (D:5)
  9 rats
109 creatures vanquished.

Vanquished Creatures (others)
  A bat skeleton (D:4)
1 creature vanquished.

Grand Total: 110 creatures vanquished

Notes
Turn   | Place    | Note
--------------------------------------------------------------
     0 | D:1      | Monkaria the Deep Dwarf Berserker began the quest for the Orb.
     0 | D:1      | Reached XP level 1. HP: 20/20 MP: 1/1
   289 | D:1      | Reached XP level 2. HP: 14/28 MP: 2/2
   564 | D:1      | HP: 1/28 [hobgoblin (2)]
   934 | D:2      | Acquired Trog's second power
   976 | D:2      | Reached XP level 3. HP: 21/36 MP: 3/3
  1187 | D:2      | Reached skill level 4 in Fighting
  1618 | D:3      | Found a sacrificial altar of Ru.
  1759 | D:3      | Noticed Rafael's ghost (weakling DsAE)
  1774 | D:3      | Killed Rafael's ghost
  1774 | D:3      | Reached XP level 4. HP: 35/44 MP: 4/4
  2161 | D:3      | Found an iron altar of Okawaru.
  2322 | D:3      | Found a glowing golden altar of the Shining One.
  2329 | D:3      | Reached skill level 5 in Axes
  2348 | D:3      | Found a snail-covered altar of Cheibriados.
  2507 | D:4      | Reached XP level 5. HP: 21/50 MP: 5/5
  2529 | D:4      | Noticed Grinder
  2598 | D:4      | Paralysed by Grinder for 6 turns
  2617 | D:4      | Paralysed by Grinder for 7 turns
  2651 | D:4      | Killed Grinder
  2651 | D:4      | Reached skill level 7 in Axes
  2651 | D:4      | Reached XP level 6. HP: 31/57 MP: 5/5
  2741 | D:4      | Noticed Menkaure
  2797 | D:4      | Noticed an ogre
  2802 | D:4      | Killed an ogre
  2802 | D:4      | Reached skill level 8 in Axes
  2802 | D:4      | Reached XP level 7. HP: 13/64 MP: 6/6
  3043 | D:4      | Noticed an ogre
  3052 | D:4      | Killed an ogre
  3167 | D:4      | Killed Menkaure
  3167 | D:4      | Reached skill level 9 in Axes
  3242 | D:4      | Noticed a slave
  3242 | D:4      | Noticed a slave
  3243 | D:4      | Noticed Pikel
  3243 | D:4      | Noticed a slave
  3259 | D:4      | Killed a slave
  3265 | D:4      | Killed Pikel
  3265 | D:4      | Reached skill level 10 in Axes
  3265 | D:4      | Reached XP level 8. HP: 48/72 MP: 7/7
  3277 | D:4      | Noticed a freed slave
  3473 | D:5      | Entered Level 5 of the Dungeon
  3552 | D:5      | Reached skill level 11 in Axes
  3929 | D:5      | Found a staircase to the Ecumenical Temple.
  3960 | Temple   | Entered the Ecumenical Temple
  4788 | D:6      | Reached skill level 5 in Armour
  4908 | D:6      | Slain by a wyvern skeleton

Vault maps used:
D:1:      minmay_arrival_glassed_features, minmay_misc_feat_four_crosses,
          minivault_19
D:2:      first_bread
D:3:      nicolae_ru_awakened_eye, okawaru_metal_pillars_1_2, minitemple,
          minmay_misc_feat_secret_circle
D:4:      uniq_menkaure, uniq_grinder, uniq_pikel
D:5:      minmay_temple_entry_statues_pillars, grunt_ministairs_14
Temple:   oiseaux_autumnal_temple_12

Action                   |  1- 3 |  4- 6 |  7- 9 || total
-------------------------+-------+-------+-------++-------
Melee: Hand axe          |   167 |   125 |   196 ||   488
Invok: Trog's Hand       |     1 |     5 |    10 ||    16
       Berserk           |     1 |     3 |     7 ||    11
 Abil: Device Recharging |       |     1 |       ||     1
Evoke: Wand              |     4 |     2 |     1 ||     7
 Stab: Sleeping          |     4 |     1 |       ||     5
  Eat: Chunk             |     2 |     8 |    15 ||    25
       Royal jelly       |       |       |     1 ||     1
